[ AOE2 MATCH · #476627003 ]
Team RMSlavs vs Britons
[ REPLAY ANALYSIS · EXTRACTED FROM THE RECORDED GAME ]
Feudal
9:27
Castle
19:54
Imperial
34:16
| APM avg | 48.3 |
| APM peak | 87 |
| eAPM avg | 17.0 |
| Villagers / military | 139 / 83 |
Focus
⚔️ 25.0% · 🌾 75.0%
Knight ×58 · Scout Cavalry ×20 · Boyar ×2 · Spearman ×2 · Monk ×1
Feudal
10:48
Castle
14:09
Imperial
29:42
| APM avg | 31.4 |
| APM peak | 74 |
| eAPM avg | 24.3 |
| Villagers / military | 213 / 99 |
Focus
⚔️ 28.7% · 🌾 71.3%
War Elephant ×90 · Trebuchet (Packed) ×5 · Monk ×4
Feudal
11:22
Castle
14:52
Imperial
—
| APM avg | 35.1 |
| APM peak | 62 |
| eAPM avg | 17.5 |
| Villagers / military | 80 / 31 |
Focus
⚔️ 31.6% · 🌾 68.4%
Conquistador ×22 · Mangonel ×5 · Petard ×2 · Missionary ×2
Feudal
10:46
Castle
15:16
Imperial
30:38
| APM avg | 27.2 |
| APM peak | 68 |
| eAPM avg | 17.1 |
| Villagers / military | 127 / 95 |
Focus
⚔️ 30.9% · 🌾 69.1%
Elephant Archer ×67 · Skirmisher ×22 · Monk ×3 · Trebuchet (Packed) ×2 · Urumi Swordsman ×1
Feudal
11:01
Castle
16:24
Imperial
30:39
| APM avg | 39.0 |
| APM peak | 75 |
| eAPM avg | 22.6 |
| Villagers / military | 152 / 132 |
Focus
⚔️ 30.1% · 🌾 69.9%
Longbowman ×127 · Trebuchet (Packed) ×5
Feudal
10:58
Castle
15:51
Imperial
—
| APM avg | 38.5 |
| APM peak | 85 |
| eAPM avg | 23.9 |
| Villagers / military | 167 / 50 |
Focus
⚔️ 18.1% · 🌾 81.9%
Knight ×49 · Monk ×1
Feudal
10:56
Castle
14:33
Imperial
38:56
| APM avg | 33.2 |
| APM peak | 74 |
| eAPM avg | 20.1 |
| Villagers / military | 122 / 128 |
Focus
⚔️ 29.1% · 🌾 70.9%
Longbowman ×100 · Battering Ram ×20 · Trebuchet (Packed) ×6 · Monk ×1 · Mangonel ×1
Feudal
10:57
Castle
15:48
Imperial
29:31
| APM avg | 36.6 |
| APM peak | 109 |
| eAPM avg | 19.1 |
| Villagers / military | 159 / 135 |
Focus
⚔️ 22.8% · 🌾 77.2%
Coustillier ×61 · Flemish Militia ×34 · Spearman ×26 · Monk ×6 · Trebuchet (Packed) ×6 · Scorpion ×2
Match map
Initial resources + every placement click. Lines = walls · curves = elevation contours. ◆ gold · ⬟ stone · ● berries · ✦ relic · ◌ wall gap
Your base· ✓ Closed at 19:54 · 0t walls · 3 gate(s)
Xun's base· ✓ Closed at 14:09 · 9t walls · 4 gate(s)
hK | Islamey's base· ✓ Closed at 14:52 · 0t walls · 2 gate(s)
Ashwath's base· ✓ Closed at 15:16 · 0t walls · 2 gate(s)
hK | triunFo's base· ✓ Closed at 16:24 · 0t walls · 2 gate(s)
福宝's base· ✓ Closed at 15:51 · 0t walls · 2 gate(s)
0.o's base· ✓ Closed at 14:33 · 0t walls · 3 gate(s)
hK | TwisteR's base· ✓ Closed at 15:48 · 0t walls · 2 gate(s)
Smoothed initial terrain · ◌ = detected wall gap · hover for details
Inputs per minute
— EXILE | Geiselgg - - Xun
Build order — EXILE | Geiselgg
First 150 of 327 actions detected
| 0:03 | Create | Villager (Male) |
| 0:03 | Create | Villager (Male) |
| 0:03 | Create | Villager (Male) |
| 0:05 | Build | House |
| 0:07 | Build | House |
| 0:12 | Create | Villager (Male) |
| 0:12 | Create | Villager (Male) |
| 1:38 | Create | Villager (Male) |
| 1:39 | Create | Villager (Male) |
| 2:10 | Create | Villager (Male) |
| 2:10 | Create | Villager (Male) |
| 2:13 | Create | Villager (Male) |
| 2:14 | Create | Villager (Male) |
| 3:07 | Build | House |
| 3:09 | Build | House |
| 3:17 | Create | Villager (Male) |
| 3:18 | Create | Villager (Male) |
| 3:46 | Create | Villager (Male) |
| 4:04 | Create | Villager (Male) |
| 4:24 | Build | Mill |
| 4:33 | Create | Villager (Male) |
| 4:41 | Build | Lumber Camp |
| 4:55 | Create | Villager (Male) |
| 4:55 | Create | Villager (Male) |
| 5:08 | Create | Villager (Male) |
| 5:34 | Create | Villager (Male) |
| 6:42 | Create | Villager (Male) |
| 7:17 | Research | Feudal Age |
| 8:09 | Build | Barracks |
| 9:27 | Age | Feudal Age |
| 9:34 | Create | Villager (Male) |
| 9:35 | Create | Villager (Male) |
| 9:39 | Build | Stable |
| 10:31 | Create | Scout Cavalry |
| 10:32 | Create | Scout Cavalry |
| 10:32 | Create | Scout Cavalry |
| 10:38 | Research | Double-Bit Axe |
| 10:49 | Research | Horse Collar |
| 10:52 | Build | House |
| 11:02 | Create | Villager (Male) |
| 11:30 | Build | Farm |
| 11:30 | Build | Farm |
| 11:30 | Build | Farm |
| 11:30 | Build | Farm |
| 11:40 | Create | Villager (Male) |
| 11:41 | Create | Villager (Male) |
| 12:00 | Create | Scout Cavalry |
| 12:09 | Create | Villager (Male) |
| 12:28 | Build | Farm |
| 12:29 | Create | Villager (Male) |
| 12:51 | Create | Scout Cavalry |
| 13:04 | Build | Farm |
| 13:05 | Build | Farm |
| 13:06 | Create | Villager (Male) |
| 13:09 | Build | Farm |
| 13:18 | Create | Scout Cavalry |
| 13:39 | Create | Villager (Male) |
| 14:10 | Create | Villager (Male) |
| 14:10 | Create | Villager (Male) |
| 14:13 | Build | Farm |
| 14:14 | Build | Farm |
| 14:14 | Build | Farm |
| 14:14 | Build | Farm |
| 14:18 | Build | Mining Camp |
| 14:19 | Create | Villager (Male) |
| 14:31 | Build | Farm |
| 15:06 | Build | Farm |
| 15:24 | Research | Wheelbarrow |
| 16:08 | Build | House |
| 16:30 | Build | Market |
| 17:14 | Research | Castle Age |
| 17:14 | Research | Castle Age |
| 17:37 | Build | Blacksmith |
| 18:19 | Build | House |
| 18:23 | Research | Scale Barding Armor |
| 18:58 | Create | Villager (Male) |
| 18:58 | Create | Villager (Male) |
| 19:22 | Build | House |
| 19:24 | Build | House |
| 19:54 | Age | Castle Age |
| 19:58 | Create | Villager (Male) |
| 19:58 | Create | Villager (Male) |
| 20:04 | Build | Town Center |
| 20:14 | Build | Town Center |
| 20:22 | Create | Villager (Male) |
| 20:31 | Create | Scout Cavalry |
| 20:34 | Build | House |
| 20:37 | Research | Bloodlines |
| 20:42 | Research | Loom |
| 20:42 | Create | Villager (Male) |
| 20:42 | Create | Villager (Male) |
| 20:51 | Build | House |
| 21:05 | Create | Villager (Male) |
| 21:10 | Create | Villager (Male) |
| 21:10 | Create | Villager (Male) |
| 21:10 | Create | Villager (Male) |
| 21:17 | Research | Town Watch |
| 21:17 | Create | Villager (Male) |
| 21:20 | Create | Villager (Male) |
| 21:20 | Create | Villager (Male) |
| 21:26 | Research | Forging |
| 21:31 | Create | Villager (Male) |
| 21:33 | Create | Villager (Male) |
| 21:33 | Create | Villager (Male) |
| 21:41 | Build | House |
| 21:51 | Build | Monastery |
| 21:53 | Create | Villager (Male) |
| 22:02 | Create | Villager (Male) |
| 22:02 | Create | Villager (Male) |
| 22:08 | Build | Farm |
| 22:09 | Create | Villager (Male) |
| 22:10 | Create | Villager (Male) |
| 22:14 | Create | Villager (Male) |
| 22:14 | Create | Villager (Male) |
| 22:16 | Build | Farm |
| 22:25 | Build | Farm |
| 22:26 | Create | Villager (Male) |
| 22:45 | Create | Villager (Male) |
| 22:45 | Create | Villager (Male) |
| 22:56 | Build | House |
| 23:09 | Create | Villager (Male) |
| 23:09 | Create | Villager (Male) |
| 23:16 | Create | Villager (Male) |
| 23:16 | Create | Villager (Male) |
| 23:18 | Build | Farm |
| 23:19 | Build | Farm |
| 23:19 | Build | Farm |
| 23:19 | Build | Farm |
| 23:19 | Build | Farm |
| 23:20 | Build | Farm |
| 23:24 | Create | Villager (Male) |
| 23:24 | Create | Villager (Male) |
| 23:38 | Build | House |
| 23:40 | Create | Monk |
| 23:52 | Create | Villager (Male) |
| 23:52 | Create | Villager (Male) |
| 23:54 | Build | Farm |
| 23:55 | Build | Farm |
| 23:55 | Build | Farm |
| 23:55 | Build | Farm |
| 23:56 | Build | Farm |
| 23:56 | Build | Farm |
| 23:56 | Build | Farm |
| 23:58 | Create | Villager (Male) |
| 24:04 | Create | Knight |
| 24:07 | Create | Scout Cavalry |
| 24:36 | Research | Husbandry |
| 24:48 | Build | Town Center |
| 24:51 | Build | Farm |
| 24:52 | Build | Farm |
Build order — Xun
First 150 of 514 actions detected
| 0:00 | Create | Villager (Male) |
| 0:01 | Create | Villager (Male) |
| 0:04 | Build | House |
| 0:05 | Build | House |
| 0:10 | Create | Villager (Male) |
| 0:15 | Create | Villager (Male) |
| 0:25 | Create | Villager (Male) |
| 1:32 | Create | Villager (Male) |
| 2:05 | Build | Lumber Camp |
| 2:15 | Create | Villager (Male) |
| 2:41 | Create | Villager (Male) |
| 3:02 | Create | Villager (Male) |
| 3:17 | Build | Mill |
| 3:23 | Create | Villager (Male) |
| 3:34 | Create | Villager (Male) |
| 3:42 | Build | House |
| 3:54 | Build | House |
| 4:13 | Create | Villager (Male) |
| 4:28 | Create | Villager (Male) |
| 4:33 | Build | House |
| 4:35 | Create | Villager (Male) |
| 5:00 | Build | House |
| 5:30 | Create | Villager (Male) |
| 5:46 | Create | Villager (Male) |
| 6:02 | Create | Villager (Male) |
| 6:34 | Create | Villager (Male) |
| 6:42 | Build | Mining Camp |
| 6:51 | Create | Villager (Male) |
| 6:54 | Create | Villager (Male) |
| 7:50 | Create | Villager (Male) |
| 7:59 | Build | Farm |
| 8:09 | Create | Villager (Male) |
| 8:10 | Research | Feudal Age |
| 9:35 | Create | Villager (Male) |
| 9:35 | Create | Villager (Male) |
| 10:48 | Age | Feudal Age |
| 10:50 | Build | Market |
| 10:52 | Build | Blacksmith |
| 11:44 | Research | Castle Age |
| 11:44 | Research | Castle Age |
| 11:52 | Build | Mill |
| 11:58 | Build | Stone Wall |
| 12:04 | Research | Double-Bit Axe |
| 12:37 | Research | Horse Collar |
| 12:41 | Build | Farm |
| 13:02 | Build | House |
| 13:23 | Build | Gate |
| 13:25 | Build | House |
| 13:32 | Build | Farm |
| 13:34 | Build | Farm |
| 13:35 | Build | Farm |
| 13:41 | Build | Farm |
| 13:42 | Create | Villager (Male) |
| 14:09 | Age | Castle Age |
| 14:12 | Build | Town Center |
| 14:14 | Create | Villager (Male) |
| 14:21 | Build | Town Center |
| 14:40 | Create | Villager (Male) |
| 14:42 | Build | Farm |
| 14:44 | Create | Villager (Male) |
| 14:51 | Build | Farm |
| 15:00 | Create | Villager (Male) |
| 15:28 | Build | Farm |
| 15:31 | Build | Farm |
| 15:34 | Create | Villager (Male) |
| 15:37 | Build | Farm |
| 15:41 | Build | Farm |
| 16:05 | Build | Farm |
| 16:07 | Create | Villager (Male) |
| 16:07 | Create | Villager (Male) |
| 16:10 | Build | Farm |
| 16:14 | Build | Farm |
| 16:22 | Create | Villager (Male) |
| 16:24 | Create | Villager (Male) |
| 16:31 | Create | Villager (Male) |
| 16:33 | Create | Villager (Male) |
| 16:36 | Build | Farm |
| 16:36 | Create | Villager (Male) |
| 16:37 | Create | Villager (Male) |
| 16:39 | Create | Villager (Male) |
| 16:48 | Create | Villager (Male) |
| 16:53 | Create | Villager (Male) |
| 17:07 | Create | Villager (Male) |
| 17:11 | Build | Farm |
| 17:14 | Create | Villager (Male) |
| 17:16 | Create | Villager (Male) |
| 17:16 | Create | Villager (Male) |
| 17:33 | Build | House |
| 17:36 | Create | Villager (Male) |
| 17:43 | Create | Villager (Male) |
| 17:48 | Create | Villager (Male) |
| 17:55 | Create | Villager (Male) |
| 18:06 | Create | Villager (Male) |
| 18:06 | Create | Villager (Male) |
| 18:08 | Create | Villager (Male) |
| 18:11 | Build | Town Center |
| 18:13 | Create | Villager (Male) |
| 18:14 | Create | Villager (Male) |
| 18:16 | Build | House |
| 18:17 | Build | House |
| 18:23 | Build | Farm |
| 18:27 | Build | Farm |
| 18:29 | Create | Villager (Male) |
| 18:29 | Create | Villager (Male) |
| 18:37 | Create | Villager (Male) |
| 18:40 | Research | Wheelbarrow |
| 18:40 | Research | Wheelbarrow |
| 18:46 | Build | Farm |
| 18:48 | Create | Villager (Male) |
| 18:55 | Build | Farm |
| 18:58 | Create | Villager (Male) |
| 19:00 | Create | Villager (Male) |
| 19:05 | Create | Villager (Male) |
| 19:10 | Build | House |
| 19:11 | Build | House |
| 19:23 | Create | Villager (Male) |
| 19:31 | Build | Farm |
| 19:32 | Build | Farm |
| 19:33 | Create | Villager (Male) |
| 19:37 | Research | Bow Saw |
| 19:38 | Research | Bow Saw |
| 19:43 | Build | Farm |
| 19:45 | Create | Villager (Male) |
| 19:53 | Create | Villager (Male) |
| 19:57 | Create | Villager (Male) |
| 20:10 | Create | Villager (Male) |
| 20:11 | Create | Villager (Male) |
| 20:13 | Build | Town Center |
| 20:15 | Create | Villager (Male) |
| 20:15 | Create | Villager (Male) |
| 20:18 | Build | Farm |
| 20:21 | Create | Villager (Male) |
| 20:26 | Create | Villager (Male) |
| 20:26 | Create | Villager (Male) |
| 20:27 | Create | Villager (Male) |
| 20:28 | Create | Villager (Male) |
| 20:30 | Build | Farm |
| 20:31 | Build | Farm |
| 20:33 | Build | Farm |
| 20:33 | Create | Villager (Male) |
| 20:33 | Create | Villager (Male) |
| 20:38 | Build | Farm |
| 20:42 | Create | Villager (Male) |
| 20:53 | Create | Villager (Male) |
| 20:53 | Create | Villager (Male) |
| 20:57 | Build | Farm |
| 20:58 | Build | Farm |
| 21:00 | Build | Farm |
| 21:02 | Create | Villager (Male) |
| 21:02 | Create | Villager (Male) |
Build order — hK | Islamey
First 150 of 203 actions detected
| 0:01 | Create | Villager (Male) |
| 0:01 | Create | Villager (Male) |
| 0:01 | Create | Villager (Male) |
| 0:01 | Create | Villager (Male) |
| 0:03 | Build | House |
| 0:05 | Build | House |
| 1:24 | Create | Villager (Male) |
| 1:24 | Create | Villager (Male) |
| 1:41 | Create | Villager (Male) |
| 1:42 | Create | Villager (Male) |
| 1:45 | Build | Lumber Camp |
| 2:16 | Create | Villager (Male) |
| 2:49 | Create | Villager (Male) |
| 2:50 | Create | Villager (Male) |
| 3:16 | Create | Villager (Male) |
| 3:16 | Create | Villager (Male) |
| 3:35 | Create | Villager (Male) |
| 3:35 | Create | Villager (Male) |
| 3:54 | Build | House |
| 4:00 | Create | Villager (Male) |
| 4:00 | Create | Villager (Male) |
| 4:24 | Create | Villager (Male) |
| 4:25 | Create | Villager (Male) |
| 4:39 | Create | Villager (Male) |
| 4:40 | Create | Villager (Male) |
| 5:09 | Create | Villager (Male) |
| 5:19 | Build | Mill |
| 5:21 | Create | Villager (Male) |
| 5:21 | Create | Villager (Male) |
| 5:41 | Build | House |
| 5:47 | Create | Villager (Male) |
| 5:47 | Create | Villager (Male) |
| 6:24 | Build | House |
| 7:13 | Build | Mining Camp |
| 7:14 | Create | Villager (Male) |
| 7:45 | Create | Villager (Male) |
| 7:51 | Build | Farm |
| 7:54 | Build | Farm |
| 7:55 | Create | Villager (Male) |
| 8:18 | Build | Mining Camp |
| 8:47 | Create | Villager (Male) |
| 9:09 | Research | Feudal Age |
| 9:10 | Create | Villager (Male) |
| 9:11 | Research | Loom |
| 10:02 | Build | Farm |
| 11:22 | Age | Feudal Age |
| 11:23 | Create | Villager (Male) |
| 11:26 | Build | Market |
| 11:29 | Build | Blacksmith |
| 12:09 | Research | Castle Age |
| 13:28 | Build | House |
| 13:37 | Research | Horse Collar |
| 13:37 | Research | Horse Collar |
| 13:38 | Research | Double-Bit Axe |
| 13:39 | Research | Double-Bit Axe |
| 14:17 | Build | Farm |
| 14:20 | Build | Farm |
| 14:22 | Build | Farm |
| 14:52 | Age | Castle Age |
| 14:58 | Build | Castle |
| 15:03 | Create | Villager (Male) |
| 15:21 | Research | Bow Saw |
| 15:22 | Research | Bow Saw |
| 15:23 | Create | Villager (Male) |
| 15:25 | Build | Farm |
| 15:45 | Build | Farm |
| 15:46 | Create | Villager (Male) |
| 16:15 | Create | Conquistador |
| 16:16 | Create | Conquistador |
| 16:33 | Create | Villager (Male) |
| 16:41 | Build | Lumber Camp |
| 17:02 | Create | Conquistador |
| 17:06 | Build | Monastery |
| 17:23 | Create | Conquistador |
| 17:29 | Build | Farm |
| 17:33 | Build | Farm |
| 17:41 | Create | Missionary |
| 17:56 | Create | Villager (Male) |
| 18:08 | Create | Conquistador |
| 18:40 | Create | Conquistador |
| 18:51 | Build | Farm |
| 19:10 | Create | Petard |
| 19:13 | Create | Villager (Male) |
| 19:35 | Create | Conquistador |
| 19:41 | Build | Barracks |
| 19:54 | Build | Stone Wall |
| 19:57 | Create | Villager (Male) |
| 20:06 | Research | Town Watch |
| 20:20 | Build | Stable |
| 20:23 | Build | Siege Workshop |
| 20:26 | Create | Conquistador |
| 20:46 | Build | House |
| 20:49 | Create | Villager (Male) |
| 21:05 | Create | Mangonel |
| 21:20 | Research | Husbandry |
| 21:21 | Research | Husbandry |
| 21:33 | Create | Petard |
| 21:45 | Build | Outpost |
| 22:12 | Research | Bloodlines |
| 22:12 | Research | Bloodlines |
| 22:25 | Create | Mangonel |
| 22:34 | Research | Padded Archer Armor |
| 22:34 | Research | Padded Archer Armor |
| 22:53 | Create | Conquistador |
| 22:53 | Create | Conquistador |
| 23:08 | Create | Conquistador |
| 23:08 | Create | Conquistador |
| 23:25 | Build | Castle |
| 23:38 | Research | Leather Archer Armor |
| 24:15 | Create | Mangonel |
| 24:16 | Create | Conquistador |
| 24:17 | Create | Conquistador |
| 24:35 | Build | Siege Workshop |
| 24:57 | Create | Villager (Male) |
| 24:57 | Create | Villager (Male) |
| 25:01 | Create | Villager (Male) |
| 25:26 | Build | Mining Camp |
| 25:30 | Create | Villager (Male) |
| 25:30 | Create | Villager (Male) |
| 25:45 | Create | Mangonel |
| 25:52 | Create | Villager (Male) |
| 25:52 | Create | Villager (Male) |
| 25:52 | Create | Villager (Male) |
| 26:09 | Build | Stone Wall |
| 26:20 | Create | Villager (Male) |
| 26:26 | Create | Mangonel |
| 26:51 | Create | Villager (Male) |
| 27:03 | Build | Mining Camp |
| 27:04 | Create | Villager (Male) |
| 27:04 | Create | Villager (Male) |
| 27:13 | Create | Villager (Male) |
| 27:13 | Create | Villager (Male) |
| 27:21 | Create | Conquistador |
| 27:21 | Create | Conquistador |
| 27:23 | Create | Conquistador |
| 27:24 | Create | Conquistador |
| 28:23 | Create | Villager (Male) |
| 28:23 | Create | Villager (Male) |
| 28:46 | Build | Farm |
| 28:46 | Build | Farm |
| 28:52 | Build | Castle |
| 29:14 | Create | Villager (Male) |
| 29:45 | Build | Siege Workshop |
| 29:48 | Create | Conquistador |
| 29:48 | Create | Conquistador |
| 30:18 | Create | Villager (Male) |
| 30:18 | Create | Villager (Male) |
| 30:21 | Create | Conquistador |
| 30:22 | Create | Conquistador |
| 31:00 | Create | Villager (Male) |
Build order — Ashwath
First 150 of 366 actions detected
| 0:02 | Create | Villager (Male) |
| 0:02 | Create | Villager (Male) |
| 0:02 | Create | Villager (Male) |
| 0:04 | Build | House |
| 0:06 | Build | House |
| 0:21 | Create | Villager (Male) |
| 1:31 | Create | Villager (Male) |
| 1:46 | Build | Lumber Camp |
| 2:05 | Create | Villager (Male) |
| 2:29 | Create | Villager (Male) |
| 2:57 | Create | Villager (Male) |
| 3:25 | Create | Villager (Male) |
| 3:25 | Create | Villager (Male) |
| 3:31 | Build | House |
| 3:33 | Build | House |
| 3:34 | Build | House |
| 3:44 | Create | Villager (Male) |
| 4:11 | Create | Villager (Male) |
| 4:31 | Create | Villager (Male) |
| 4:32 | Create | Villager (Male) |
| 5:10 | Create | Villager (Male) |
| 5:13 | Build | Mill |
| 5:20 | Create | Villager (Male) |
| 5:40 | Create | Villager (Male) |
| 5:40 | Create | Villager (Male) |
| 5:59 | Build | Mining Camp |
| 6:53 | Create | Villager (Male) |
| 7:46 | Create | Villager (Male) |
| 7:46 | Create | Villager (Male) |
| 8:22 | Research | Feudal Age |
| 8:48 | Create | Villager (Male) |
| 8:48 | Create | Villager (Male) |
| 10:38 | Research | Loom |
| 10:46 | Age | Feudal Age |
| 10:49 | Build | Market |
| 10:52 | Build | Blacksmith |
| 11:14 | Build | Mining Camp |
| 12:36 | Research | Castle Age |
| 13:46 | Research | Horse Collar |
| 14:00 | Build | Farm |
| 14:02 | Build | Farm |
| 14:03 | Build | Farm |
| 14:04 | Build | Farm |
| 14:05 | Build | Farm |
| 14:07 | Build | Farm |
| 14:38 | Create | Villager (Male) |
| 15:16 | Age | Castle Age |
| 15:24 | Build | Castle |
| 15:41 | Build | Town Center |
| 15:44 | Create | Villager (Male) |
| 15:51 | Build | Farm |
| 16:11 | Create | Villager (Male) |
| 16:41 | Create | Villager (Male) |
| 16:47 | Create | Villager (Male) |
| 16:53 | Build | Farm |
| 16:54 | Build | Farm |
| 16:55 | Build | Farm |
| 16:57 | Build | Farm |
| 17:14 | Create | Villager (Male) |
| 17:21 | Build | Town Center |
| 17:32 | Build | Farm |
| 17:40 | Create | Villager (Male) |
| 17:45 | Create | Villager (Male) |
| 17:46 | Create | Villager (Male) |
| 17:54 | Research | Double-Bit Axe |
| 18:01 | Create | Villager (Male) |
| 18:19 | Create | Villager (Male) |
| 18:19 | Create | Villager (Male) |
| 18:34 | Create | Villager (Male) |
| 18:38 | Build | Farm |
| 18:41 | Create | Villager (Male) |
| 18:55 | Build | Farm |
| 18:56 | Build | Farm |
| 19:00 | Create | Villager (Male) |
| 19:00 | Create | Villager (Male) |
| 19:08 | Create | Villager (Male) |
| 19:18 | Build | House |
| 19:19 | Build | House |
| 19:21 | Create | Villager (Male) |
| 19:32 | Build | Farm |
| 19:35 | Build | Farm |
| 19:36 | Create | Villager (Male) |
| 19:47 | Create | Villager (Male) |
| 19:47 | Create | Villager (Male) |
| 19:48 | Create | Villager (Male) |
| 19:59 | Build | House |
| 20:01 | Build | House |
| 20:05 | Create | Villager (Male) |
| 20:08 | Build | Farm |
| 20:10 | Build | Farm |
| 20:11 | Create | Villager (Male) |
| 20:18 | Build | Farm |
| 20:22 | Build | Farm |
| 20:23 | Create | Villager (Male) |
| 20:23 | Create | Villager (Male) |
| 20:33 | Create | Villager (Male) |
| 20:44 | Create | Villager (Male) |
| 20:45 | Create | Villager (Male) |
| 20:58 | Create | Villager (Male) |
| 21:03 | Build | Monastery |
| 21:05 | Build | House |
| 21:06 | Create | Villager (Male) |
| 21:07 | Create | Villager (Male) |
| 21:12 | Create | Villager (Male) |
| 21:16 | Build | Farm |
| 21:24 | Create | Villager (Male) |
| 21:24 | Create | Villager (Male) |
| 21:28 | Build | Farm |
| 21:36 | Create | Villager (Male) |
| 21:42 | Create | Villager (Male) |
| 21:47 | Build | Farm |
| 21:51 | Create | Villager (Male) |
| 21:56 | Create | Monk |
| 21:59 | Create | Villager (Male) |
| 21:59 | Create | Villager (Male) |
| 22:03 | Build | House |
| 22:05 | Build | House |
| 22:07 | Build | House |
| 22:10 | Build | Farm |
| 22:16 | Create | Villager (Male) |
| 22:16 | Create | Villager (Male) |
| 22:31 | Create | Villager (Male) |
| 22:32 | Create | Villager (Male) |
| 22:51 | Build | Town Center |
| 22:55 | Create | Villager (Male) |
| 23:06 | Create | Villager (Male) |
| 23:07 | Create | Villager (Male) |
| 23:13 | Research | Bow Saw |
| 23:18 | Build | House |
| 23:20 | Build | House |
| 23:22 | Create | Villager (Male) |
| 23:22 | Create | Villager (Male) |
| 23:24 | Create | Villager (Male) |
| 23:38 | Build | Farm |
| 23:44 | Research | Gold Mining |
| 23:46 | Create | Villager (Male) |
| 23:52 | Create | Monk |
| 23:57 | Create | Urumi Swordsman |
| 24:00 | Create | Villager (Male) |
| 24:06 | Build | Farm |
| 24:07 | Build | Farm |
| 24:09 | Build | Farm |
| 24:12 | Create | Villager (Male) |
| 24:16 | Create | Villager (Male) |
| 24:22 | Create | Villager (Male) |
| 24:25 | Build | House |
| 24:26 | Build | House |
| 24:27 | Create | Villager (Male) |
| 24:39 | Create | Villager (Male) |
| 24:42 | Build | Farm |
Build order — hK | triunFo
First 150 of 451 actions detected
| 0:01 | Create | Villager (Male) |
| 0:01 | Create | Villager (Male) |
| 0:02 | Create | Villager (Male) |
| 0:02 | Create | Villager (Male) |
| 0:02 | Create | Villager (Male) |
| 0:06 | Build | House |
| 1:21 | Create | Villager (Male) |
| 1:21 | Create | Villager (Male) |
| 1:26 | Build | House |
| 1:28 | Build | House |
| 1:53 | Create | Villager (Male) |
| 1:53 | Create | Villager (Male) |
| 2:13 | Create | Villager (Male) |
| 2:13 | Create | Villager (Male) |
| 2:49 | Create | Villager (Male) |
| 2:50 | Create | Villager (Male) |
| 2:50 | Create | Villager (Male) |
| 2:55 | Build | Lumber Camp |
| 3:04 | Create | Villager (Male) |
| 3:04 | Create | Villager (Male) |
| 3:04 | Create | Villager (Male) |
| 3:49 | Create | Villager (Male) |
| 3:49 | Create | Villager (Male) |
| 4:13 | Create | Villager (Male) |
| 4:13 | Create | Villager (Male) |
| 4:14 | Create | Villager (Male) |
| 4:39 | Build | House |
| 4:40 | Build | House |
| 4:41 | Create | Villager (Male) |
| 4:41 | Create | Villager (Male) |
| 4:42 | Create | Villager (Male) |
| 5:31 | Create | Villager (Male) |
| 5:31 | Create | Villager (Male) |
| 5:31 | Create | Villager (Male) |
| 5:56 | Create | Villager (Male) |
| 5:57 | Create | Villager (Male) |
| 5:57 | Create | Villager (Male) |
| 6:02 | Build | Mining Camp |
| 6:18 | Create | Villager (Male) |
| 6:18 | Create | Villager (Male) |
| 7:36 | Create | Villager (Male) |
| 7:42 | Build | Mill |
| 7:44 | Create | Villager (Male) |
| 8:09 | Create | Villager (Male) |
| 8:39 | Research | Feudal Age |
| 8:40 | Research | Feudal Age |
| 9:59 | Create | Villager (Male) |
| 10:00 | Create | Villager (Male) |
| 10:45 | Build | Farm |
| 10:47 | Build | Farm |
| 10:51 | Build | Farm |
| 10:52 | Build | Farm |
| 10:53 | Build | Farm |
| 10:54 | Create | Villager (Male) |
| 11:01 | Age | Feudal Age |
| 11:17 | Build | Farm |
| 11:31 | Build | Farm |
| 11:42 | Build | Market |
| 11:56 | Create | Villager (Male) |
| 12:22 | Create | Villager (Male) |
| 12:22 | Create | Villager (Male) |
| 12:56 | Build | Blacksmith |
| 13:25 | Build | Farm |
| 13:44 | Research | Castle Age |
| 13:44 | Research | Castle Age |
| 13:52 | Build | House |
| 13:53 | Build | House |
| 14:09 | Research | Double-Bit Axe |
| 14:18 | Research | Horse Collar |
| 14:54 | Build | Farm |
| 15:52 | Create | Villager (Male) |
| 15:53 | Create | Villager (Male) |
| 16:10 | Create | Villager (Male) |
| 16:24 | Age | Castle Age |
| 16:30 | Build | Town Center |
| 16:42 | Build | Town Center |
| 17:04 | Build | Town Center |
| 17:13 | Create | Villager (Male) |
| 17:19 | Create | Villager (Male) |
| 17:20 | Create | Villager (Male) |
| 17:20 | Create | Villager (Male) |
| 17:20 | Create | Villager (Male) |
| 17:20 | Create | Villager (Male) |
| 17:21 | Create | Villager (Male) |
| 17:30 | Research | Bow Saw |
| 17:31 | Research | Bow Saw |
| 17:50 | Create | Villager (Male) |
| 17:54 | Create | Villager (Male) |
| 17:54 | Create | Villager (Male) |
| 17:54 | Create | Villager (Male) |
| 18:00 | Build | Farm |
| 18:07 | Build | Farm |
| 18:11 | Create | Villager (Male) |
| 18:11 | Create | Villager (Male) |
| 18:24 | Build | Farm |
| 18:31 | Build | Farm |
| 18:35 | Create | Villager (Male) |
| 18:39 | Create | Villager (Male) |
| 18:40 | Create | Villager (Male) |
| 18:45 | Build | Farm |
| 18:46 | Build | Farm |
| 18:55 | Create | Villager (Male) |
| 18:56 | Create | Villager (Male) |
| 19:02 | Build | Farm |
| 19:04 | Build | Farm |
| 19:08 | Create | Villager (Male) |
| 19:08 | Create | Villager (Male) |
| 19:14 | Build | Farm |
| 19:18 | Create | Villager (Male) |
| 19:28 | Build | Farm |
| 19:29 | Build | Farm |
| 19:35 | Create | Villager (Male) |
| 19:36 | Create | Villager (Male) |
| 19:47 | Build | House |
| 19:48 | Build | House |
| 19:50 | Build | House |
| 19:51 | Create | Villager (Male) |
| 19:53 | Create | Villager (Male) |
| 20:00 | Build | Farm |
| 20:01 | Build | Farm |
| 20:03 | Create | Villager (Male) |
| 20:13 | Create | Villager (Male) |
| 20:16 | Create | Villager (Male) |
| 20:17 | Create | Villager (Male) |
| 20:27 | Create | Villager (Male) |
| 20:27 | Create | Villager (Male) |
| 20:37 | Build | Farm |
| 20:38 | Build | Farm |
| 20:39 | Build | Farm |
| 20:42 | Create | Villager (Male) |
| 20:43 | Create | Villager (Male) |
| 20:52 | Create | Villager (Male) |
| 20:52 | Create | Villager (Male) |
| 20:58 | Create | Villager (Male) |
| 20:58 | Create | Villager (Male) |
| 21:02 | Create | Villager (Male) |
| 21:02 | Create | Villager (Male) |
| 21:10 | Build | Lumber Camp |
| 21:12 | Create | Villager (Male) |
| 21:13 | Create | Villager (Male) |
| 21:24 | Build | Farm |
| 21:25 | Build | Farm |
| 21:27 | Build | Farm |
| 21:28 | Build | Farm |
| 21:29 | Build | Farm |
| 21:29 | Build | Farm |
| 21:34 | Build | Farm |
| 21:35 | Create | Villager (Male) |
| 21:36 | Create | Villager (Male) |
| 21:44 | Build | House |
Build order — 福宝
First 150 of 397 actions detected
| 0:01 | Create | Villager (Male) |
| 0:02 | Create | Villager (Male) |
| 0:02 | Create | Villager (Male) |
| 0:02 | Create | Villager (Male) |
| 0:03 | Build | House |
| 0:05 | Build | House |
| 1:27 | Create | Villager (Male) |
| 1:28 | Create | Villager (Male) |
| 1:28 | Create | Villager (Male) |
| 1:59 | Build | Lumber Camp |
| 2:03 | Create | Villager (Male) |
| 2:03 | Create | Villager (Male) |
| 2:17 | Create | Villager (Male) |
| 2:17 | Create | Villager (Male) |
| 2:48 | Create | Villager (Male) |
| 2:48 | Create | Villager (Male) |
| 3:16 | Create | Villager (Male) |
| 3:16 | Create | Villager (Male) |
| 3:50 | Build | House |
| 4:09 | Create | Villager (Male) |
| 4:23 | Research | Double-Bit Axe |
| 4:30 | Build | Mill |
| 4:33 | Create | Villager (Male) |
| 4:34 | Create | Villager (Male) |
| 4:59 | Create | Villager (Male) |
| 4:59 | Create | Villager (Male) |
| 5:27 | Create | Villager (Male) |
| 5:27 | Create | Villager (Male) |
| 5:27 | Create | Villager (Male) |
| 5:27 | Create | Villager (Male) |
| 5:53 | Build | House |
| 5:54 | Build | House |
| 6:05 | Create | Villager (Male) |
| 6:06 | Create | Villager (Male) |
| 6:06 | Create | Villager (Male) |
| 6:06 | Create | Villager (Male) |
| 6:45 | Research | Horse Collar |
| 7:11 | Create | Villager (Male) |
| 7:14 | Build | Farm |
| 7:16 | Build | Farm |
| 7:41 | Create | Villager (Male) |
| 7:41 | Create | Villager (Male) |
| 8:04 | Create | Villager (Male) |
| 8:13 | Build | Farm |
| 8:42 | Build | Mining Camp |
| 8:48 | Research | Feudal Age |
| 9:23 | Create | Villager (Male) |
| 10:58 | Age | Feudal Age |
| 10:59 | Build | Blacksmith |
| 11:04 | Build | Market |
| 11:34 | Create | Villager (Male) |
| 11:43 | Build | Lumber Camp |
| 12:00 | Create | Villager (Male) |
| 12:04 | Build | Farm |
| 13:11 | Research | Castle Age |
| 13:12 | Research | Castle Age |
| 13:54 | Research | Bow Saw |
| 13:55 | Research | Bow Saw |
| 13:55 | Research | Bow Saw |
| 14:06 | Build | Farm |
| 14:25 | Research | Heavy Plow |
| 14:25 | Research | Heavy Plow |
| 15:04 | Build | Farm |
| 15:04 | Build | Farm |
| 15:05 | Build | Farm |
| 15:11 | Build | House |
| 15:12 | Build | House |
| 15:15 | Create | Villager (Male) |
| 15:15 | Create | Villager (Male) |
| 15:21 | Build | Farm |
| 15:51 | Age | Castle Age |
| 16:05 | Build | Town Center |
| 16:09 | Research | Two-Man Saw |
| 16:13 | Build | Town Center |
| 16:20 | Create | Villager (Male) |
| 16:35 | Create | Villager (Male) |
| 16:51 | Build | House |
| 16:52 | Build | House |
| 16:54 | Create | Villager (Male) |
| 16:54 | Create | Villager (Male) |
| 17:07 | Create | Villager (Male) |
| 17:23 | Build | Farm |
| 17:23 | Build | Farm |
| 17:23 | Build | Farm |
| 17:24 | Build | Farm |
| 17:24 | Build | Farm |
| 17:24 | Build | Farm |
| 17:25 | Build | Farm |
| 17:30 | Create | Villager (Male) |
| 17:30 | Create | Villager (Male) |
| 17:35 | Build | House |
| 17:36 | Build | House |
| 17:44 | Create | Villager (Male) |
| 17:44 | Create | Villager (Male) |
| 17:56 | Create | Villager (Male) |
| 17:56 | Create | Villager (Male) |
| 18:12 | Build | Farm |
| 18:16 | Build | Farm |
| 18:17 | Build | Farm |
| 18:18 | Build | Farm |
| 18:22 | Create | Villager (Male) |
| 18:22 | Create | Villager (Male) |
| 18:30 | Create | Villager (Male) |
| 18:34 | Build | House |
| 18:35 | Build | House |
| 18:45 | Create | Villager (Male) |
| 18:45 | Create | Villager (Male) |
| 18:47 | Create | Villager (Male) |
| 18:47 | Create | Villager (Male) |
| 19:00 | Build | Lumber Camp |
| 19:05 | Create | Villager (Male) |
| 19:05 | Create | Villager (Male) |
| 19:13 | Build | House |
| 19:15 | Create | Villager (Male) |
| 19:15 | Create | Villager (Male) |
| 19:19 | Build | Farm |
| 19:26 | Build | Town Center |
| 19:29 | Create | Villager (Male) |
| 19:29 | Create | Villager (Male) |
| 19:29 | Create | Villager (Male) |
| 19:38 | Create | Villager (Male) |
| 19:38 | Create | Villager (Male) |
| 19:42 | Build | Farm |
| 19:43 | Build | Farm |
| 19:49 | Create | Villager (Male) |
| 19:49 | Create | Villager (Male) |
| 19:49 | Create | Villager (Male) |
| 20:02 | Create | Villager (Male) |
| 20:02 | Create | Villager (Male) |
| 20:16 | Build | Barracks |
| 20:19 | Create | Villager (Male) |
| 20:19 | Create | Villager (Male) |
| 20:19 | Create | Villager (Male) |
| 20:26 | Build | Farm |
| 20:27 | Build | Farm |
| 20:30 | Create | Villager (Male) |
| 20:38 | Build | Farm |
| 20:42 | Create | Villager (Male) |
| 20:47 | Create | Villager (Male) |
| 20:48 | Create | Villager (Male) |
| 20:54 | Build | Farm |
| 21:03 | Build | Farm |
| 21:05 | Build | Farm |
| 21:15 | Build | Stable |
| 21:22 | Build | Stable |
| 21:24 | Create | Villager (Male) |
| 21:25 | Create | Villager (Male) |
| 21:25 | Create | Villager (Male) |
| 21:40 | Research | Wheelbarrow |
| 21:47 | Build | Farm |
Build order — 0.o
First 150 of 304 actions detected
| 0:01 | Create | Villager (Male) |
| 0:01 | Create | Villager (Male) |
| 0:02 | Build | House |
| 0:04 | Build | House |
| 0:10 | Create | Villager (Male) |
| 0:11 | Create | Villager (Male) |
| 0:11 | Create | Villager (Male) |
| 1:24 | Create | Villager (Male) |
| 1:56 | Create | Villager (Male) |
| 1:59 | Create | Villager (Male) |
| 1:59 | Create | Villager (Male) |
| 2:35 | Build | Lumber Camp |
| 2:43 | Create | Villager (Male) |
| 2:44 | Create | Villager (Male) |
| 2:44 | Create | Villager (Male) |
| 2:58 | Create | Villager (Male) |
| 2:58 | Create | Villager (Male) |
| 3:20 | Create | Villager (Male) |
| 3:51 | Build | House |
| 3:52 | Build | House |
| 4:02 | Create | Villager (Male) |
| 4:08 | Create | Villager (Male) |
| 4:23 | Create | Villager (Male) |
| 4:25 | Create | Villager (Male) |
| 4:25 | Create | Villager (Male) |
| 4:32 | Build | House |
| 4:37 | Create | Villager (Male) |
| 5:25 | Build | Mill |
| 5:27 | Create | Villager (Male) |
| 5:37 | Create | Villager (Male) |
| 5:56 | Create | Villager (Male) |
| 6:13 | Create | Villager (Male) |
| 6:48 | Create | Villager (Male) |
| 8:18 | Research | Feudal Age |
| 8:18 | Research | Feudal Age |
| 8:32 | Build | Farm |
| 8:34 | Build | Farm |
| 9:01 | Build | Farm |
| 9:46 | Create | Villager (Male) |
| 9:46 | Create | Villager (Male) |
| 10:56 | Age | Feudal Age |
| 11:00 | Build | Market |
| 11:03 | Build | Mining Camp |
| 11:06 | Build | Blacksmith |
| 11:35 | Research | Double-Bit Axe |
| 11:53 | Research | Castle Age |
| 11:54 | Research | Castle Age |
| 11:54 | Research | Castle Age |
| 12:16 | Research | Horse Collar |
| 13:34 | Build | House |
| 13:36 | Build | House |
| 13:37 | Build | House |
| 13:58 | Build | Farm |
| 14:01 | Build | Farm |
| 14:04 | Build | Farm |
| 14:09 | Build | Farm |
| 14:14 | Create | Villager (Male) |
| 14:33 | Age | Castle Age |
| 14:36 | Build | Town Center |
| 14:43 | Create | Villager (Male) |
| 14:48 | Build | House |
| 14:52 | Create | Villager (Male) |
| 15:10 | Create | Villager (Male) |
| 15:32 | Build | Castle |
| 15:37 | Build | House |
| 15:39 | Build | House |
| 15:45 | Create | Villager (Male) |
| 15:54 | Create | Villager (Male) |
| 16:02 | Create | Villager (Male) |
| 16:03 | Create | Villager (Male) |
| 16:11 | Build | Farm |
| 16:13 | Build | Farm |
| 16:23 | Build | House |
| 16:24 | Build | House |
| 16:29 | Create | Villager (Male) |
| 16:48 | Build | Town Center |
| 16:53 | Create | Villager (Male) |
| 16:55 | Create | Villager (Male) |
| 16:56 | Build | Farm |
| 16:59 | Build | Farm |
| 17:09 | Build | Siege Workshop |
| 17:14 | Create | Villager (Male) |
| 17:25 | Create | Villager (Male) |
| 17:39 | Build | Farm |
| 17:40 | Create | Villager (Male) |
| 17:50 | Create | Villager (Male) |
| 17:55 | Create | Villager (Male) |
| 17:59 | Build | Farm |
| 18:01 | Build | Farm |
| 18:03 | Build | Farm |
| 18:04 | Create | Villager (Male) |
| 18:05 | Create | Villager (Male) |
| 18:10 | Build | House |
| 18:11 | Build | House |
| 18:12 | Build | House |
| 18:17 | Research | Loom |
| 18:18 | Research | Loom |
| 18:29 | Build | House |
| 18:35 | Create | Villager (Male) |
| 18:36 | Create | Villager (Male) |
| 18:47 | Create | Villager (Male) |
| 19:06 | Create | Mangonel |
| 19:09 | Create | Villager (Male) |
| 19:11 | Build | House |
| 19:14 | Build | House |
| 19:17 | Create | Villager (Male) |
| 19:22 | Create | Villager (Male) |
| 19:30 | Build | House |
| 19:32 | Build | House |
| 19:34 | Create | Villager (Male) |
| 19:37 | Create | Villager (Male) |
| 19:46 | Create | Villager (Male) |
| 19:51 | Create | Longbowman |
| 19:51 | Create | Longbowman |
| 19:51 | Create | Longbowman |
| 20:02 | Create | Villager (Male) |
| 20:08 | Build | House |
| 20:11 | Create | Villager (Male) |
| 20:21 | Create | Longbowman |
| 20:21 | Create | Longbowman |
| 20:23 | Create | Villager (Male) |
| 20:29 | Build | Lumber Camp |
| 20:35 | Create | Villager (Male) |
| 20:47 | Build | Mining Camp |
| 20:48 | Create | Villager (Male) |
| 20:50 | Create | Longbowman |
| 20:56 | Build | Farm |
| 21:00 | Build | House |
| 21:01 | Build | House |
| 21:04 | Create | Villager (Male) |
| 21:05 | Create | Villager (Male) |
| 21:12 | Create | Longbowman |
| 21:13 | Create | Longbowman |
| 21:29 | Create | Villager (Male) |
| 21:30 | Create | Villager (Male) |
| 21:34 | Create | Villager (Male) |
| 21:42 | Build | Siege Workshop |
| 21:44 | Create | Battering Ram |
| 21:46 | Create | Villager (Male) |
| 22:03 | Research | Fletching |
| 22:03 | Research | Fletching |
| 22:05 | Create | Longbowman |
| 22:28 | Create | Battering Ram |
| 22:28 | Create | Battering Ram |
| 22:34 | Create | Battering Ram |
| 22:34 | Create | Battering Ram |
| 22:34 | Create | Battering Ram |
| 22:47 | Build | Farm |
| 22:48 | Build | Farm |
| 22:50 | Create | Longbowman |
Build order — hK | TwisteR
First 150 of 353 actions detected
| 0:02 | Create | Villager (Male) |
| 0:04 | Build | House |
| 0:06 | Build | House |
| 0:15 | Create | Villager (Male) |
| 0:30 | Create | Villager (Male) |
| 0:30 | Create | Villager (Male) |
| 0:30 | Create | Villager (Male) |
| 1:33 | Create | Villager (Male) |
| 1:50 | Build | Lumber Camp |
| 2:00 | Create | Villager (Male) |
| 2:02 | Create | Villager (Male) |
| 2:21 | Create | Villager (Male) |
| 3:20 | Create | Villager (Male) |
| 3:24 | Create | Villager (Male) |
| 3:43 | Create | Villager (Male) |
| 3:52 | Build | House |
| 4:07 | Create | Villager (Male) |
| 4:16 | Build | Mill |
| 4:47 | Create | Villager (Male) |
| 4:49 | Create | Villager (Male) |
| 5:13 | Create | Villager (Male) |
| 5:39 | Build | House |
| 5:40 | Create | Villager (Male) |
| 5:50 | Create | Villager (Male) |
| 5:55 | Create | Villager (Male) |
| 6:00 | Build | Farm |
| 6:04 | Build | Farm |
| 6:06 | Create | Villager (Male) |
| 6:39 | Build | Farm |
| 6:51 | Create | Villager (Male) |
| 7:12 | Build | Lumber Camp |
| 7:14 | Create | Villager (Male) |
| 7:29 | Create | Villager (Male) |
| 7:58 | Create | Villager (Male) |
| 8:10 | Create | Villager (Male) |
| 8:27 | Build | Mining Camp |
| 8:38 | Research | Feudal Age |
| 10:57 | Age | Feudal Age |
| 10:58 | Create | Villager (Male) |
| 11:24 | Create | Villager (Male) |
| 11:27 | Build | House |
| 11:36 | Build | Blacksmith |
| 11:42 | Build | Market |
| 11:55 | Research | Double-Bit Axe |
| 12:00 | Research | Horse Collar |
| 12:11 | Create | Villager (Male) |
| 12:25 | Create | Villager (Male) |
| 12:51 | Build | Farm |
| 13:08 | Research | Castle Age |
| 13:09 | Research | Castle Age |
| 13:15 | Build | House |
| 13:26 | Build | Farm |
| 13:30 | Build | Farm |
| 13:32 | Research | Bow Saw |
| 13:40 | Build | House |
| 13:40 | Build | House |
| 13:56 | Research | Heavy Plow |
| 14:30 | Research | Gold Mining |
| 15:44 | Create | Villager (Male) |
| 15:44 | Create | Villager (Male) |
| 15:44 | Create | Villager (Male) |
| 15:48 | Age | Castle Age |
| 15:52 | Build | Town Center |
| 15:56 | Build | Town Center |
| 16:21 | Create | Villager (Male) |
| 16:50 | Build | Town Center |
| 16:56 | Create | Villager (Male) |
| 17:02 | Create | Villager (Male) |
| 17:04 | Create | Villager (Male) |
| 17:09 | Create | Villager (Male) |
| 17:09 | Create | Villager (Male) |
| 17:12 | Build | Farm |
| 17:24 | Create | Villager (Male) |
| 17:41 | Build | Farm |
| 17:43 | Build | Farm |
| 17:49 | Build | Farm |
| 17:57 | Create | Villager (Male) |
| 18:01 | Build | House |
| 18:02 | Build | House |
| 18:07 | Build | Farm |
| 18:19 | Build | Farm |
| 18:25 | Build | Farm |
| 18:27 | Build | Farm |
| 18:28 | Create | Villager (Male) |
| 18:29 | Create | Villager (Male) |
| 18:29 | Create | Villager (Male) |
| 18:41 | Build | Farm |
| 18:45 | Build | Farm |
| 18:55 | Build | House |
| 18:56 | Create | Villager (Male) |
| 18:56 | Create | Villager (Male) |
| 19:02 | Create | Villager (Male) |
| 19:03 | Create | Villager (Male) |
| 19:10 | Build | Farm |
| 19:12 | Build | Farm |
| 19:19 | Create | Villager (Male) |
| 19:19 | Create | Villager (Male) |
| 19:20 | Create | Villager (Male) |
| 19:21 | Create | Villager (Male) |
| 19:21 | Create | Villager (Male) |
| 19:28 | Build | Farm |
| 19:31 | Build | Farm |
| 19:34 | Build | House |
| 19:35 | Build | House |
| 19:37 | Build | House |
| 19:38 | Create | Villager (Male) |
| 19:38 | Create | Villager (Male) |
| 19:38 | Create | Villager (Male) |
| 19:48 | Research | Wheelbarrow |
| 19:51 | Build | Farm |
| 20:09 | Create | Villager (Male) |
| 20:09 | Create | Villager (Male) |
| 20:10 | Create | Villager (Male) |
| 20:10 | Create | Villager (Male) |
| 20:12 | Build | Farm |
| 20:20 | Build | Farm |
| 20:21 | Create | Villager (Male) |
| 20:25 | Create | Villager (Male) |
| 20:30 | Build | House |
| 20:31 | Build | House |
| 20:41 | Create | Villager (Male) |
| 20:41 | Create | Villager (Male) |
| 20:42 | Create | Villager (Male) |
| 20:43 | Create | Villager (Male) |
| 20:47 | Create | Villager (Male) |
| 20:56 | Create | Villager (Male) |
| 21:04 | Build | Farm |
| 21:09 | Build | Farm |
| 21:13 | Build | Farm |
| 21:15 | Build | Farm |
| 21:16 | Create | Villager (Male) |
| 21:17 | Create | Villager (Male) |
| 21:20 | Create | Villager (Male) |
| 21:25 | Create | Villager (Male) |
| 21:38 | Create | Villager (Male) |
| 21:38 | Create | Villager (Male) |
| 21:39 | Create | Villager (Male) |
| 21:54 | Build | Castle |
| 21:56 | Create | Villager (Male) |
| 21:56 | Create | Villager (Male) |
| 21:56 | Create | Villager (Male) |
| 21:57 | Create | Villager (Male) |
| 22:01 | Build | House |
| 22:03 | Build | House |
| 22:04 | Build | House |
| 22:06 | Create | Villager (Male) |
| 22:13 | Build | Mining Camp |
| 22:16 | Create | Villager (Male) |
| 22:16 | Create | Villager (Male) |
| 22:26 | Create | Villager (Male) |
Match timeline
| 8:09 | EXILE | Geiselgg · first_building Barracks |
| 9:27 | EXILE | Geiselgg · age_up feudal |
| 9:39 | EXILE | Geiselgg · first_building Stable |
| 10:46 | Ashwath · age_up feudal |
| 10:48 | Xun · age_up feudal |
| 10:56 | 0.o · age_up feudal |
| 10:57 | hK | TwisteR · age_up feudal |
| 10:58 | 福宝 · age_up feudal |
| 11:01 | hK | triunFo · age_up feudal |
| 11:22 | hK | Islamey · age_up feudal |
| 11:43 | Xun · first_market_sell 100 stone |
| 11:58 | Xun · wall_segment Stone Wall x9 |
| 14:09 | Xun · age_up castle |
| 14:33 | 0.o · age_up castle |
| 14:34 | hK | TwisteR · first_market_buy 100 stone |
| 14:52 | hK | Islamey · age_up castle |
| 14:58 | hK | Islamey · first_building Castle |
| 15:16 | Ashwath · age_up castle |
| 15:24 | Ashwath · first_building Castle |
| 15:32 | 0.o · first_building Castle |
| 15:48 | hK | TwisteR · age_up castle |
| 15:51 | 福宝 · age_up castle |
| 16:24 | hK | triunFo · age_up castle |
| 16:52 | hK | triunFo · first_market_buy 100 stone |
| 17:06 | hK | Islamey · first_building Monastery |
| 17:09 | 0.o · first_building Siege Workshop |
| 17:41 | Ashwath · first_market_buy 100 food |
| 17:55 | 福宝 · first_market_buy 100 stone |
| 19:41 | hK | Islamey · first_building Barracks |
| 19:54 | EXILE | Geiselgg · age_up castle |
| 19:54 | hK | Islamey · wall_segment Stone Wall x21 |
| 20:16 | 福宝 · first_building Barracks |
| 20:20 | hK | Islamey · first_building Stable |
| 20:23 | hK | Islamey · first_building Siege Workshop |
| 21:03 | Ashwath · first_building Monastery |
| 21:15 | 福宝 · first_building Stable |
| 21:51 | EXILE | Geiselgg · first_building Monastery |
| 21:54 | hK | TwisteR · first_building Castle |
| 22:02 | 0.o · first_market_sell 100 wood |
| 22:54 | Xun · first_building Monastery |
| 24:44 | 福宝 · first_market_sell 100 wood |
| 25:32 | Ashwath · first_building Barracks |
| 25:43 | hK | Islamey · first_market_buy 100 wood |
| 25:56 | hK | TwisteR · first_market_sell 100 wood |
| 26:00 | Ashwath · first_market_sell 100 wood |
| 26:09 | hK | Islamey · wall_segment Stone Wall x6 |
| 26:50 | hK | triunFo · first_building Siege Workshop |
| 27:13 | Xun · first_building Castle |
| 27:29 | Xun · first_building Barracks |
| 27:38 | hK | triunFo · first_building Castle |
| 27:58 | Ashwath · first_building Archery Range |
| 28:20 | Xun · first_market_buy 100 stone |
| 28:21 | EXILE | Geiselgg · first_building Castle |
| 28:22 | hK | TwisteR · first_building Barracks |
| 28:36 | Xun · first_building Stable |
| 29:18 | hK | triunFo · first_market_sell 100 food |
| 29:31 | hK | TwisteR · age_up imperial |
| 29:41 | 0.o · first_market_buy 100 stone |
| 29:42 | Xun · age_up imperial |
| 30:15 | EXILE | Geiselgg · first_market_buy 100 food |
| 30:26 | EXILE | Geiselgg · first_market_sell 100 wood |
| 30:28 | Ashwath · first_building Stable |
| 30:38 | Ashwath · age_up imperial |
| 30:39 | hK | triunFo · age_up imperial |
| 31:02 | 0.o · first_building Monastery |
| 31:05 | hK | triunFo · first_building Barracks |
| 31:41 | Xun · wall_segment Stone Wall x1 |
| 32:11 | hK | triunFo · first_building Archery Range |
| 32:51 | Ashwath · first_building Siege Workshop |
| 34:16 | EXILE | Geiselgg · age_up imperial |
| 34:47 | hK | TwisteR · first_building Siege Workshop |
| 35:03 | 福宝 · first_building Castle |
| 36:50 | 福宝 · first_building Monastery |
| 36:56 | hK | TwisteR · first_building Monastery |
| 38:56 | 0.o · age_up imperial |
| 39:08 | hK | Islamey · resign |
[ AI ANALYSIS · 1 CREDIT ]
What really happened in this match?
Wolo.gg analyzes every decision: build order, eco, micro, common mistakes by bracket. Personalized analysis on WhatsApp or Discord in 30 seconds.
Civ guide
Slavs
Map guide
Arena
Perfil
Jugador #242516